 Dungeon Crawl Stone Soup version 0.22.0-1-g6561e4c (webtiles) character file.

96 MTVSty1e the Chopper (level 4, 0/38 HPs)
             Began as a Draconian Gladiator on Aug 12, 2018.
             Succumbed to Crazy Yiuf's poison
             ... on level 2 of the Dungeon.
             The game lasted 00:02:14 (1796 turns).

MTVSty1e the Chopper (Draconian Gladiator)          Turns: 1796, Time: 00:02:15

Health: 0/38       AC:  6    Str: 17    XL:     4   Next: 41%
Magic:  4/4        EV: 17    Int:  8    God:
Gold:   86         SH:  4    Dex: 18    Spells: 3/3 levels left

rFire    . . .     SeeInvis .   a - +0 war axe
rCold    . . .     Gourm    .   f - +0 buckler
rNeg     . . .     Faith    .   (armour unavailable)
rPois    .         Spirit   .   b - +0 hat
rElec    .         Reflect  .   (no cloak)
rCorr    .         Harm     .   (no gloves)
MR       .....                  p - +0 pair of boots
Stlth    +++.......             (no amulet)
HPRegen  0.12/turn              l - ring of flight
MPRegen  0.09/turn              (no ring)

@: agile, lethally poisoned (0 -> -16), drained
A: unfitting armour, cold-blooded, AC +5
a: Evoke Flight


You were on level 2 of the Dungeon.
You were not hungry.

You visited 1 branch of the dungeon, and saw 2 of its levels.

You collected 86 gold pieces.

Inventory:

Hand Weapons
 a - a +0 war axe (weapon)
Missiles
 c - 3 throwing nets (quivered)
Armour
 b - a +0 hat (worn)
 f - a +0 buckler (worn)
 p - a +0 pair of boots (worn)
Jewellery
 l - a ring of flight (left hand)
 r - an uncursed ring of protection from magic {unknown}
Scrolls
 e - a scroll of random uselessness {unknown}
 h - a scroll of immolation {unknown}
 k - 3 scrolls of identify {unknown}
 m - a scroll of teleportation {unknown}
 o - a scroll of remove curse {unknown}
 q - a scroll of fog {unknown}
 s - a scroll of fear {unknown}
Potions
 i - 2 potions of curing {unknown}
 j - a potion of flight {unknown}
 n - a potion of lignification {unknown}


   Skills:
 + Level 3.3(3.0) Fighting
 * Level 4.4(4.1) Axes
 - Level 1.7(1.5) Throwing
 - Level 2.6(2.4) Dodging
 + Level 1.2(1.0) Shields


You had 3 spell levels left.
You didn't know any spells.
Your spell library was empty.

Dungeon Overview and Level Annotations

Branches:
Dungeon (2/15)

Altars:

Annotations:
D:2 Crazy Yiuf


Innate Abilities, Weirdness & Mutations

Your plain brown scales are hard. (AC +5)
You cannot fit into any form of body armour.
You are cold-blooded and may be slowed by cold attacks.


Message History

Crazy Yiuf hits you with a quarterstaff of chaos.
You feel yourself slow down. Crazy Yiuf freezes you.
You barely miss Crazy Yiuf.
You tail-slap Crazy Yiuf, but do no damage.
Crazy Yiuf is lightly wounded.
Crazy Yiuf closely misses you.
Crazy Yiuf yells, "Adder sing-song spinner!"
Crazy Yiuf hits you with a quarterstaff of chaos!
Crazy Yiuf freezes you.
You feel agile all of a sudden.
You feel yourself speed up.
Crazy Yiuf hits you with a quarterstaff of chaos!
* * * LOW HITPOINT WARNING * * *
You are lethally poisoned!
You hit Crazy Yiuf.
Your tail-slap misses Crazy Yiuf.
Crazy Yiuf is heavily wounded.
* * * LOW HITPOINT WARNING * * *
You feel sick. You block Crazy Yiuf's attack.
You barely miss Crazy Yiuf.
Your tail-slap misses Crazy Yiuf.
Crazy Yiuf is heavily wounded.
You die...

#.# #.# #.# #.#
##.###.# #.#####
#...##.# ##.....#
######## ...#####
##.# ##♣♣♣♣♣
#.#####...♣.♣♣♣ ####
#.......P..♣..♣#...#
#.##......♣♣♣♣.@g..#
#.###.#.P♣♣ ♣♣#..)#
#.# ####♣♣ ####
##.##### .......#
##.#############
#.............#
#######.####### #.#


You could see Crazy Yiuf.

Vanquished Creatures
  Robin (D:2)
  A worker ant zombie (D:2)
  An ooze (D:2)
  A worm (D:2)
  2 dart slugs (D:1)
  A leopard gecko (D:2)
  3 giant cockroaches
  15 goblins
  4 hobgoblins
  2 jackals (D:1)
  3 quokkas (D:2)
  10 bats
  4 frilled lizards
  2 giant cockroach zombies (D:1)
  5 kobolds
  8 rats
63 creatures vanquished.

Vanquished Creatures (others)
  A goblin (D:2)
1 creature vanquished.

Grand Total: 64 creatures vanquished

Notes
Turn   | Place    | Note
-------+----------+-------------------------------------------
     0 | D:1      | MTVSty1e the Draconian Gladiator began the quest for the Orb.
     0 | D:1      | Reached XP level 1. HP: 17/17 MP: 1/1
   160 | D:1      | Reached XP level 2. HP: 22/25 MP: 2/2
   470 | D:1      | Reached XP level 3. HP: 30/30 MP: 3/3
   642 | D:2      | Reached skill level 4 in Axes
  1070 | D:2      | Reached skill level 1 in Shields
  1107 | D:2      | Reached XP level 4. HP: 36/38 MP: 4/4
  1333 | D:2      | Noticed Robin
  1343 | D:2      | Killed Robin
  1532 | D:2      | Found a runed door.
  1787 | D:2      | Noticed Crazy Yiuf
  1796 | D:2      | Succumbed to Crazy Yiuf's poison

Skill      XL: |  1  2  3 |
---------------+----------+-----
Axes           | 4 |  4.4
Fighting       | 3 |  3.3
Shields        | 1 |  1.2
Throwing       | |  1.7
Dodging        | |  2.6

Action                   |  1- 3 |  4- 6 || total
-------------------------+-------+-------++-------
Melee: War axe           |    78 |    57 ||   135
       Tailslap          |     8 |     5 ||    13
  Use: Potion            |       |     1 ||     1
  Eat: Ration            |       |     1 ||     1
       Chunk             |       |     1 ||     1
Armor: Skin              |    35 |    24 ||    59
Dodge: Dodged            |    63 |    39 ||   102
Block: Buckler           |    11 |    11 ||    22
